[Event "Titled Tuesday Blitz April 26 Late 2022"]
[White "Kanyamarala, Tarun"]
[Black "Sevian, Samuel"]
[WhiteFideId "45004714"]
[BlackFideId "2040506"]
[WhiteElo "2177"]
[BlackElo "2698"]
[Result "0-1"]
[Round "01"]
[TimeControl "180+1"]
[Date "2022.04.26"]
[WhiteClock "0:00:26"]
[BlackClock "0:02:38"]

1. d4 Nf6 2. c4 b6 3. f3 e5 4. dxe5 Nh5 5. Nh3 Bc5 6. e4 Nc6 7. Bg5 Be7 8. Bxe7 Qxe7 9. g4 Qh4+ 10. Ke2 d6 11. Qd5 Bb7 12. gxh5 dxe5 13. Qd2 Rd8 14. Qg5 Nd4+ 15. Kd3 Nxf3+ 0-1


[Site "https://www.chess.com"]

[Event "Titled Tuesday Blitz April 26 Late 2022"]
[White "Karas, Marek"]
[Black "Muradli, Mahammad"]
[WhiteFideId "14928558"]
[BlackFideId "13409301"]
[WhiteElo "2271"]
[BlackElo "2611"]
[Result "0-1"]
[Round "01"]
[TimeControl "180+1"]
[Date "2022.04.26"]
[WhiteClock "0:00:15"]
[BlackClock "0:02:05"]

1. d4 d6 2. e4 Nf6 3. Nc3 g6 4. Nf3 Bg7 5. h3 O-O 6. Be2 c5 7. d5 b5 8. Bxb5 Nxe4 9. Nxe4 Qa5+ 10. c3 Qxb5 11. Qe2 Qxe2+ 12. Kxe2 Bb7 13. Rd1 Nd7 14. c4 Nb6 15. Nfd2 Ba6 16. Nc3 Nxc4 17. Nxc4 Bxc4+ 18. Ke1 Rfb8 19. Rd2 a5 20. Rc2 a4 21. Bd2 Bd3 22. Rcc1 Rxb2 23. Nd1 a3 24. Ne3 Rab8 25. g4 Bd4 26. g5 e6 27. dxe6 fxe6 28. Rd1 e5 29. Nd5 Kf7 30. Nf6 Rc2 31. Rac1 Rxa2 32. Bc3 Bxf2# 0-1


[Site "https://www.chess.com"]

[Event "Titled Tuesday Blitz April 26 Late 2022"]
[White "Karttunen, Mika"]
[Black "Dahlgren, James Allen"]
[WhiteFideId "502081"]
[BlackFideId "22256873"]
[WhiteElo "2343"]
[BlackElo "2096"]
[Result "1-0"]
[Round "01"]
[TimeControl "180+1"]
[Date "2022.04.26"]
[WhiteClock "0:02:08"]
[BlackClock "0:02:06"]

1. e4 e6 2. d4 c5 3. d5 exd5 4. exd5 Nf6 5. Nc3 d6 6. h3 g6 7. Bd3 Bg7 8. Nf3 O-O 9. O-O b5 10. Bxb5 Ba6 11. a4 Bxb5 12. axb5 Nbd7 13. Bg5 h6 14. Bh4 Nb6 15. Re1 Qd7 16. Ra6 Qb7 17. Bxf6 Bxf6 18. Ne4 Bxb2 19. c3 Qxd5 20. Nf6+ 1-0


[Site "https://www.chess.com"]

[Event "Titled Tuesday Blitz April 26 Late 2022"]
[White "Keymer, Vincent"]
[Black "Nozdrachev, Leonid"]
[WhiteFideId "12940690"]
[BlackFideId "24113433"]
[WhiteElo "2557"]
[BlackElo "2242"]
[Result "1-0"]
[Round "01"]
[TimeControl "180+1"]
[Date "2022.04.26"]
[WhiteClock "0:00:11"]
[BlackClock "0:00:19"]

1. Nf3 d5 2. e3 Bg4 3. c4 c6 4. cxd5 cxd5 5. Qa4+ Bd7 6. Qb3 Nf6 7. Nc3 e6 8. Qxb7 Nc6 9. Qb3 Rb8 10. Qd1 e5 11. d3 Bd6 12. Be2 O-O 13. O-O Bg4 14. h3 Bh5 15. b3 Qc7 16. Bb2 Rfd8 17. Rc1 e4 18. Nh4 Bg6 19. Nxg6 hxg6 20. Qc2 Qe7 21. dxe4 dxe4 22. Nxe4 Nxe4 23. Qxc6 Be5 24. Bxe5 Qxe5 25. Rfd1 Rxd1+ 26. Bxd1 Rd8 27. Bf3 Nd2 28. Bg4 Ne4 29. Qc7 Qe8 30. Bf3 Nd2 31. Bb7 Kh7 32. Qf4 Qb5 33. Qh4+ Qh5 34. Qxd8 Qe2 35. Qh4+ Kg8 36. Rc8# 1-0


[Site "https://www.chess.com"]

[Event "Titled Tuesday Blitz April 26 Late 2022"]
[White "Kim, Sergey"]
[Black "Martinez Alcantara, Jose Eduardo"]
[WhiteFideId "13700570"]
[BlackFideId "3805662"]
[WhiteElo "2521"]
[BlackElo "2690"]
[Result "0-1"]
[Round "01"]
[TimeControl "180+1"]
[Date "2022.04.26"]
[WhiteClock "0:00:38"]
[BlackClock "0:01:09"]

1. d4 Nf6 2. c4 e6 3. Nc3 Bb4 4. Qc2 Nc6 5. Nf3 d6 6. a3 Bxc3+ 7. Qxc3 Qe7 8. g3 e5 9. d5 Nb8 10. Bg2 a5 11. b3 O-O 12. Bb2 Nbd7 13. Nd2 Nc5 14. O-O Bf5 15. Rae1 Nfe4 16. Nxe4 Bxe4 17. f3 Bg6 18. e4 f6 19. f4 c6 20. f5 Bf7 21. Qe3 cxd5 22. exd5 Qd7 23. a4 g5 24. fxg6 Bxg6 25. Ba3 b6 26. h4 h5 27. Kh2 Qg7 28. Bh3 f5 29. Qg5 Ne4 30. Rxe4 fxe4 31. Rxf8+ Rxf8 32. Bxd6 Rf2+ 33. Kg1 Qf6 34. Qxf6 Rxf6 35. Bxe5 Rf3 36. Kg2 Rd3 37. Bc7 Rd2+ 38. Kf1 e3 39. Ke1 Bd3 40. Bxb6 Rb2 41. Be6+ Kf8 42. Bc5+ Ke8 43. Bxe3 Re2+ 44. Kd1 Rxe3 45. c5 Be4 46. d6 Bf3+ 47. Kd2 Rxe6 0-1


[Site "https://www.chess.com"]

[Event "Titled Tuesday Blitz April 26 Late 2022"]
[White "Koellner, Ruben Gideon"]
[Black "De Souza, Cristiano Gomes"]
[WhiteFideId "12993093"]
[BlackFideId "2151758"]
[WhiteElo "2593"]
[BlackElo "2068"]
[Result "1-0"]
[Round "01"]
[TimeControl "180+1"]
[Date "2022.04.26"]
[WhiteClock "0:02:09"]
[BlackClock "0:02:23"]

1. d4 Nf6 2. Bg5 g6 3. Bxf6 exf6 4. g3 Bg7 5. Bg2 O-O 6. e3 f5 7. Ne2 d6 8. c4 Nc6 9. Nbc3 Bd7 10. O-O a6 11. Rb1 Rb8 12. b4 b5 13. c5 dxc5 14. bxc5 b4 15. Nd5 Be6 16. Ndf4 Na5 17. Qa4 Nc4 18. Nxe6 fxe6 19. Rxb4 Nd2 20. Rd1 Rxb4 21. Qxb4 Ne4 22. Qc4 Qe7 23. Nf4 Re8 24. Qxa6 g5 25. Nd3 1-0


[Site "https://www.chess.com"]

[Event "Titled Tuesday Blitz April 26 Late 2022"]
[White "Kohler, Aran"]
[Black "Taichman, Ori"]
[WhiteFideId "1002856"]
[BlackFideId "2804069"]
[WhiteElo "2298"]
[BlackElo "2227"]
[Result "0-1"]
[Round "01"]
[TimeControl "180+1"]
[Date "2022.04.26"]
[WhiteClock "0:00:10"]
[BlackClock "0:00:15"]

1. d4 Nf6 2. Nf3 g6 3. Bg5 Bg7 4. Nbd2 O-O 5. e3 b6 6. Bd3 Bb7 7. h4 c5 8. h5 d5 9. c3 Ne4 10. hxg6 hxg6 11. Bh6 Bxh6 12. Rxh6 Kg7 13. Rh3 Rh8 14. Bxe4 dxe4 15. Ng1 cxd4 16. cxd4 Nd7 17. Rxh8 Qxh8 18. Nh3 e5 19. Qa4 Qe8 20. O-O-O Nc5 21. Qxe8 Nd3+ 22. Kb1 Rxe8 23. Nb3 Bd5 24. dxe5 Bxb3 25. axb3 Rxe5 26. f4 Rb5 27. Kc2 Rc5+ 28. Kb1 f5 29. Ng5 Kf6 30. Nh7+ Ke7 31. Ng5 b5 32. Nh3 b4 33. Ng1 Rc8 34. Ne2 Rh8 35. Nd4 Rh2 36. Rg1 Kf6 37. Nc6 g5 38. fxg5+ Kxg5 39. Nxa7 f4 40. exf4+ Kxf4 41. Nc6 Kg3 42. Nd4 Kf2 43. Rd1 Kxg2 44. Rd2+ Nf2 45. Nf5 Rh1+ 46. Kc2 Kf3 47. Rd8 Rh2 48. Kb1 Nd3 49. Nd4+ Ke3 50. Nf5+ Kf4 51. Nd6 e3 52. Nc4 e2 53. Re8 e1=Q+ 54. Rxe1 Nxe1 55. Nd6 Nd3 56. Nc4 Ke4 57. Ka2 Kd4 58. Ka1 Rh1+ 59. Ka2 Nc1+ 60. Kb1 Nxb3+ 61. Kc2 Na1+ 62. Kd2 Kxc4 0-1


[Site "https://www.chess.com"]

[Event "Titled Tuesday Blitz April 26 Late 2022"]
[White "Kosteniuk, Alexandra"]
[Black "Onslow, Alfie"]
[WhiteFideId "4128125"]
[BlackFideId "436976"]
[WhiteElo "2469"]
[BlackElo "1884"]
[Result "1-0"]
[Round "01"]
[TimeControl "180+1"]
[Date "2022.04.26"]
[WhiteClock "0:00:53"]
[BlackClock "0:00:02"]

1. e4 c5 2. Nf3 Nc6 3. Bb5 g6 4. c3 Bg7 5. O-O e5 6. Re1 d6 7. d4 cxd4 8. cxd4 Bd7 9. dxe5 dxe5 10. Nc3 Nge7 11. Bg5 f6 12. Be3 O-O 13. Qb3+ Kh8 14. Red1 Qc8 15. Rac1 Be6 16. Nd5 a6 17. Bf1 f5 18. Ng5 fxe4 19. Nxe6 Qxe6 20. Nxe7 Qxb3 21. axb3 Nxe7 22. Rd7 Nf5 23. Bc5 Rfd8 24. Rxb7 Rac8 25. b4 Bh6 26. Re1 e3 27. fxe3 a5 28. e4 Nd4 29. Bb6 Rf8 30. bxa5 Be3+ 31. Rxe3 Rc1 32. h3 Rcxf1+ 33. Kh2 R1f6 34. a6 Nb5 35. a7 R6f7 36. Rxf7 Rxf7 37. a8=Q+ 1-0


[Site "https://www.chess.com"]

[Event "Titled Tuesday Blitz April 26 Late 2022"]
[White "Kozin, Yuri"]
[Black "Ricaurte Lopez, Juan Carlos"]
[WhiteFideId "4129920"]
[BlackFideId "3600327"]
[WhiteElo "2578"]
[BlackElo "2209"]
[Result "1-0"]
[Round "01"]
[TimeControl "180+1"]
[Date "2022.04.26"]
[WhiteClock "0:00:52"]
[BlackClock "0:00:08"]

1. e4 e5 2. Nf3 d5 3. d4 dxe4 4. Nxe5 Bd6 5. Nc4 Nf6 6. Nxd6+ cxd6 7. Be2 O-O 8. O-O Nc6 9. h3 h6 10. Bf4 d5 11. c3 Bf5 12. Nd2 Rc8 13. Nb3 Na5 14. Nc5 b6 15. Nb3 Nc4 16. Qc1 Qd7 17. Nd2 Nd6 18. a4 Bg6 19. a5 Nh5 20. Bh2 f5 21. axb6 axb6 22. Be5 f4 23. Bg4 Rf5 24. Ra6 Qb7 25. Qa1 Nf7 26. Ra7 Qc6 27. Bxf5 Bxf5 28. Qa4 Qg6 29. Kh1 Nxe5 30. dxe5 Qe6 31. Kh2 Qxe5 32. Ra8 Kh7 33. Rxc8 Bxc8 34. Qc6 e3 35. Nf3 1-0


[Site "https://www.chess.com"]

[Event "Titled Tuesday Blitz April 26 Late 2022"]
[White "Kukula, Pawel"]
[Black "Moskalenko, Alexander"]
[WhiteFideId "1115081"]
[BlackFideId "4155351"]
[WhiteElo "2152"]
[BlackElo "2434"]
[Result "0-1"]
[Round "01"]
[TimeControl "180+1"]
[Date "2022.04.26"]
[WhiteClock "0:00:23"]
[BlackClock "0:01:35"]

1. b4 e5 2. Bb2 Bxb4 3. Bxe5 Nf6 4. c3 Be7 5. e3 c5 6. Bxf6 Bxf6 7. g3 d5 8. d4 Qa5 9. Bg2 cxd4 10. exd4 O-O 11. Ne2 b6 12. O-O Bb7 13. Nf4 Rc8 14. Nh5 Be7 15. Qg4 g6 16. Nf4 Bd6 17. Nxd5 Kg7 18. Qg5 Nd7 19. Qg4 Bxd5 20. Qxd7 Bxg2 21. Kxg2 Qd5+ 22. Kg1 Rc7 23. Qg4 Rac8 24. a4 h5 25. Qe2 h4 26. Re1 hxg3 27. hxg3 Re7 28. Qf1 Rh8 0-1


[Site "https://www.chess.com"]

[Event "Titled Tuesday Blitz April 26 Late 2022"]
[White "Lashkin, Jegor"]
[Black "Sanchez, Robert"]
[WhiteFideId "13907808"]
[BlackFideId "2034360"]
[WhiteElo "2368"]
[BlackElo "2420"]
[Result "1-0"]
[Round "01"]
[TimeControl "180+1"]
[Date "2022.04.26"]
[WhiteClock "0:01:39"]
[BlackClock "0:00:48"]

1. b3 e5 2. Bb2 Nc6 3. c4 Nf6 4. Nc3 Bc5 5. e3 O-O 6. d3 a5 7. Nf3 d6 8. Be2 h6 9. O-O Re8 10. a3 Ne7 11. d4 exd4 12. Nxd4 Nf5 13. Nxf5 Bxf5 14. Bf3 Rb8 15. Qd2 Bg4 16. Bxg4 Nxg4 17. Rae1 Qg5 18. Nd5 c6 19. Nf4 Ne5 20. Qe2 Ng6 21. Nd3 Bb6 22. Qf3 Bc7 23. Qg3 Qf5 24. Rd1 Rbc8 25. Qf3 Qg5 26. g3 Nh4 27. Qf4 Qxf4 28. Nxf4 Nf3+ 29. Kg2 Ne5 30. Rd2 Rcd8 31. a4 Ng4 32. h3 Ne5 33. Rfd1 g5 34. Nh5 Re6 35. f4 Ng6 36. f5 Rxe3 37. fxg6 fxg6 38. Nf6+ Kf7 39. Ng4 Rxb3 40. Rf2+ Ke6 1-0


[Site "https://www.chess.com"]

[Event "Titled Tuesday Blitz April 26 Late 2022"]
[White "Le Goff, Ronan"]
[Black "Melkumyan, Hrant"]
[WhiteFideId "612073"]
[BlackFideId "13302485"]
[WhiteElo "2276"]
[BlackElo "2604"]
[Result "0-1"]
[Round "01"]
[TimeControl "180+1"]
[Date "2022.04.26"]
[WhiteClock "0:00:21"]
[BlackClock "0:01:10"]

1. d4 Nf6 2. Nf3 g6 3. Nc3 d5 4. Bf4 Bg7 5. e3 Bg4 6. Be2 c6 7. Ne5 Bxe2 8. Qxe2 Nfd7 9. Nf3 Na6 10. e4 dxe4 11. Nxe4 O-O 12. O-O Re8 13. Rad1 Qa5 14. a3 Nf6 15. Nxf6+ Bxf6 16. Be5 Qd5 17. Rfe1 Qd7 18. Qc4 Nc7 19. Bxf6 exf6 20. Qa4 b5 21. Qb3 Nd5 22. c4 bxc4 23. Qxc4 a5 24. Rc1 Rec8 25. Nd2 Rab8 26. Ne4 Kg7 27. Nc5 Qf5 28. b3 Re8 29. Qa6 Nf4 30. Qxc6 Ne2+ 31. Rxe2 Rxe2 32. d5 Qxf2+ 0-1


[Site "https://www.chess.com"]

[Event "Titled Tuesday Blitz April 26 Late 2022"]
[White "Lehtosaari, Mauri"]
[Black "Grischuk, Alexander"]
[WhiteFideId "501999"]
[BlackFideId "4126025"]
[WhiteElo "2532"]
[BlackElo "2762"]
[Result "0-1"]
[Round "01"]
[TimeControl "180+1"]
[Date "2022.04.26"]
[WhiteClock "0:00:05"]
[BlackClock "0:00:28"]

1. d4 e6 2. Nf3 c5 3. c3 Nf6 4. Bg5 d5 5. e3 Nbd7 6. Nbd2 Qc7 7. Bd3 b6 8. O-O Bb7 9. a4 Bd6 10. Qe2 Ne4 11. Bh4 O-O 12. Bg3 Nxg3 13. hxg3 Rad8 14. a5 Nf6 15. axb6 axb6 16. Ra7 Qb8 17. Rfa1 Rd7 18. Bb5 Re7 19. R7a2 e5 20. dxe5 Bxe5 21. Nxe5 Qxe5 22. Ba6 Qf5 23. Bxb7 Rxb7 24. Qf3 Qd3 25. Qd1 h6 26. Nf3 Qf5 27. b4 Rbb8 28. Ra7 Rbd8 29. Qb1 Ne4 30. bxc5 bxc5 0-1


[Site "https://www.chess.com"]

[Event "Titled Tuesday Blitz April 26 Late 2022"]
[White "Leiva, Gianmarco"]
[Black "Kanyamarala, Trisha"]
[WhiteFideId "3804399"]
[BlackFideId "45004722"]
[WhiteElo "2323"]
[BlackElo "2079"]
[Result "1-0"]
[Round "01"]
[TimeControl "180+1"]
[Date "2022.04.26"]
[WhiteClock "0:00:40"]
[BlackClock "0:00:37"]

1. e4 c5 2. Nf3 Nc6 3. Bb5 g6 4. O-O Bg7 5. c3 a6 6. Ba4 b5 7. Bc2 c4 8. a4 Bb7 9. Na3 Qb6 10. d3 cxd3 11. Qxd3 b4 12. Nc4 Qc7 13. Be3 Nf6 14. Bb6 Qb8 15. h3 d6 16. a5 O-O 17. Rfe1 Nd7 18. Ba4 Nde5 19. Nfxe5 Nxe5 20. Nxe5 Bxe5 21. cxb4 Bxb2 22. Rab1 Bg7 23. b5 axb5 24. Bxb5 Qc8 25. Rec1 Qe6 26. f3 Qa2 27. Bc4 Qa4 28. Bb3 Qe8 29. Rc7 Ba6 30. Bc4 Bxc4 31. Qxc4 Rc8 32. Rxc8 Qxc8 33. Qxc8 Rxc8 34. a6 Ra8 35. a7 h5 36. Be3 d5 37. Rb8+ 1-0


[Site "https://www.chess.com"]

[Event "Titled Tuesday Blitz April 26 Late 2022"]
[White "Li, Ben"]
[Black "Tymrakiewicz, Rafal"]
[WhiteFideId "2089980"]
[BlackFideId "1108832"]
[WhiteElo "2267"]
[BlackElo "2205"]
[Result "1-0"]
[Round "01"]
[TimeControl "180+1"]
[Date "2022.04.26"]
[WhiteClock "0:00:27"]
[BlackClock "0:00:02"]

1. d4 Nf6 2. c4 g6 3. Nf3 Bg7 4. Nc3 O-O 5. e4 d6 6. h3 c5 7. d5 e6 8. Bd3 Na6 9. O-O e5 10. Bg5 h6 11. Be3 Nh5 12. Re1 Kh7 13. Nd2 Nf4 14. Bf1 Nc7 15. a3 f5 16. exf5 gxf5 17. Bxf4 exf4 18. Nf3 Bd7 19. Qd2 Qf6 20. Qxf4 Rae8 21. Bd3 Kg8 22. Rxe8 Rxe8 23. Re1 Rxe1+ 24. Nxe1 Qe5 25. Qd2 a6 26. Nf3 Qf6 27. a4 b6 28. Bc2 h5 29. Nd1 Bh6 30. Qe2 b5 31. axb5 axb5 32. b3 b4 33. Ne3 Ne8 34. Nxf5 Bf4 35. Ng3 Qa1+ 36. Kh2 Qf6 37. Qe4 Ng7 38. Kg1 Kf7 39. Qh7 h4 40. Qxh4 Qa1+ 41. Kh2 Qf6 42. Qxf6+ Kxf6 43. Kg1 Bxg3 44. fxg3 Nf5 45. Kf2 Nd4 46. Nxd4 cxd4 47. g4 Kg5 48. g3 Kf6 49. Kf3 Ke5 50. h4 Be8 51. g5 Bh5+ 52. g4 Be8 53. h5 Bd7 54. g6 Kf6 55. Kf4 Kg7 56. g5 Kh8 57. h6 Bh3 58. g7+ Kg8 59. Bf5 Bxf5 60. Kxf5 Kh7 61. Kf6 d3 62. Kf7 1-0


[Site "https://www.chess.com"]

[Event "Titled Tuesday Blitz April 26 Late 2022"]
[White "Lopez Del Alamo, Antonio"]
[Black "Sernecki, Franciszek"]
[WhiteFideId "2227339"]
[BlackFideId "1169297"]
[WhiteElo "2082"]
[BlackElo "2165"]
[Result "0-1"]
[Round "01"]
[TimeControl "180+1"]
[Date "2022.04.26"]
[WhiteClock "0:00:51"]
[BlackClock "0:00:11"]

1. e4 e6 2. d3 d5 3. Nd2 Nf6 4. Ngf3 b6 5. c3 Bb7 6. Qa4+ c6 7. e5 Nfd7 8. Qg4 g6 9. h4 h5 10. Qh3 Bg7 11. d4 c5 12. Bd3 Nc6 13. a3 Qe7 14. b4 cxd4 15. cxd4 Rc8 16. Nb3 O-O 17. Bg5 Qe8 18. g4 hxg4 19. Qxg4 f6 20. exf6 Nxf6 21. Bxf6 Rxf6 22. Ne5 Nxe5 23. dxe5 Rf5 24. f4 Rc3 25. Bxf5 exf5 26. Qd1 d4 27. Rh2 Re3+ 28. Kf1 d3 29. h5 Rf3+ 30. Kg1 Rg3+ 31. Kf1 Rf3+ 32. Kg1 Rxf4 33. Qxd3 Rg4+ 34. Kf1 Qxe5 35. Re2 Qf4+ 36. Rf2 Qg5 37. hxg6 Bxa1 38. Nxa1 Rg1+ 39. Ke2 Qg4+ 40. Kd2 Rd1+ 41. Kc3 Rxd3+ 42. Kxd3 Qe4+ 43. Kd2 Qd4+ 44. Ke2 Qxa1 45. Rxf5 Qb2+ 46. Ke3 Qxa3+ 47. Kf4 Qxb4+ 48. Kg5 Qd2+ 49. Kf6 Qd8+ 50. Ke5 Qd5+ 51. Kf6 Qd6+ 52. Kg5 a5 53. Kh6 Qh2+ 54. Rh5 Qxh5+ 55. Kxh5 a4 0-1


[Site "https://www.chess.com"]

[Event "Titled Tuesday Blitz April 26 Late 2022"]
[White "Lorenzo De La Riva, Lazaro"]
[Black "Gledura, Benjamin"]
[WhiteFideId "2268809"]
[BlackFideId "712779"]
[WhiteElo "2325"]
[BlackElo "2326"]
[Result "0-1"]
[Round "01"]
[TimeControl "180+1"]
[Date "2022.04.26"]
[WhiteClock "0:00:12"]
[BlackClock "0:00:07"]

1. e4 c5 2. Nf3 Nc6 3. d4 cxd4 4. Nxd4 Nf6 5. Nc3 e6 6. Nxc6 bxc6 7. e5 Nd5 8. Ne4 Qc7 9. f4 Rb8 10. c4 Bb4+ 11. Ke2 Ba6 12. Kf3 f5 13. Nf2 Ne7 14. a3 Bc5 15. b4 Bxf2 16. Kxf2 O-O 17. Qd6 Qd8 18. Be3 Rb7 19. Rd1 Nc8 20. Qd4 c5 21. Qxc5 Nb6 22. b5 Rc7 23. Qb4 Bb7 24. a4 Qh4+ 25. g3 Qh5 26. Be2 Qh3 27. Rdg1 Nxc4 28. Bxc4 Rfc8 29. Be2 Rc2 30. Qd6 Qg4 31. Qd1 Qh3 32. Bd2 Bxh1 33. Rxh1 R8c7 34. Bf1 Qh6 35. Ke3 g5 36. Bd3 R2c5 37. Rg1 Rd5 38. Qf3 g4 39. Qd1 Rxe5+ 40. Kf2 Rd5 41. Rg2 Rxd3 42. Qe2 Rd5 43. Qe3 Qf6 44. Ke1 Qa1+ 45. Kf2 Qd4 46. Rg1 Qxd2+ 47. Qe2 Rd3 48. Qxd2 Rxd2+ 49. Ke3 Rdc2 50. Rd1 R2c3+ 51. Ke2 Kf7 52. Rd2 Ke7 53. Rd4 R3c4 54. Rd3 Re4+ 55. Kd2 Rxa4 56. Rb3 Rc5 57. b6 axb6 58. Rxb6 Rd5+ 59. Kc3 Ra8 60. Kb3 Rc8 61. Rb7 Rd6 62. Kb2 Rcc6 63. Rb3 Rb6 0-1


[Site "https://www.chess.com"]

[Event "Titled Tuesday Blitz April 26 Late 2022"]
[White "Maghsoodloo, Parham"]
[Black "Omariev, Maksim"]
[WhiteFideId "12539929"]
[BlackFideId "4193423"]
[WhiteElo "2630"]
[BlackElo "2500"]
[Result "1-0"]
[Round "01"]
[TimeControl "180+1"]
[Date "2022.04.26"]
[WhiteClock "0:01:21"]
[BlackClock "0:00:03"]

1. d4 h5 2. e4 h4 3. h3 c6 4. c4 d5 5. cxd5 cxd5 6. exd5 Nf6 7. Bb5+ Nbd7 8. Nc3 a6 9. Ba4 b5 10. Bb3 Bb7 11. Bg5 b4 12. Na4 Nxd5 13. Nf3 Qa5 14. O-O e6 15. Rc1 Bd6 16. Re1 Kf8 17. Ne5 Nxe5 18. dxe5 Be7 19. Bxe7+ Kxe7 20. Nc5 Rab8 21. Qg4 g6 22. Qg5+ Ke8 23. Nxb7 Rh5 24. Nd6+ Kf8 25. Qg4 Qb6 26. Bxd5 exd5 27. Qf4 Kg7 28. Qf6+ Kh7 29. Qxf7+ Kh6 30. Rc7 Kg5 31. Re4 1-0


[Site "https://www.chess.com"]

[Event "Titled Tuesday Blitz April 26 Late 2022"]
[White "Maksimovic, Bojan"]
[Black "Miszler, Levente"]
[WhiteFideId "14408120"]
[BlackFideId "763276"]
[WhiteElo "2448"]
[BlackElo "1966"]
[Result "1-0"]
[Round "01"]
[TimeControl "180+1"]
[Date "2022.04.26"]
[WhiteClock "0:00:06"]
[BlackClock "0:00:06"]

1. e4 e6 2. d4 d5 3. Nc3 Nf6 4. Bg5 Be7 5. e5 Nfd7 6. Bxe7 Qxe7 7. Nb5 Nb6 8. c3 a6 9. Na3 c5 10. Nc2 Nc6 11. f4 Nd7 12. Nf3 O-O 13. Bd3 c4 14. Be2 b5 15. Ne3 f5 16. O-O Kh8 17. Kh1 Rg8 18. Rg1 a5 19. g4 g6 20. gxf5 gxf5 21. Rxg8+ Kxg8 22. Qg1+ Kh8 23. Qg3 Bb7 24. Rg1 b4 25. Nh4 Qf7 26. Bh5 Qg8 27. Qh3 Qf8 28. Nhxf5 exf5 29. Bg6 h6 30. Bxf5 Ndxe5 31. fxe5 Nxe5 32. dxe5 d4+ 33. Ng2 d3 34. e6 d2 35. Qg4 Qg7 36. Qxg7+ Kxg7 37. Rd1 Kf6 38. Bh3 Rd8 39. Kg1 Bf3 40. Ne3 Bxd1 41. Nxd1 b3 42. a4 Rd3 43. Bf1 Rf3 44. Bxc4 Rf4 45. Bxb3 Re4 46. Kf2 Re1 47. Bc2 Ke7 48. Ne3 Kd6 49. Nc4+ Ke7 50. Nxd2 Rc1 51. Bd3 Rd1 52. Ke2 Rh1 53. Nf3 Ra1 54. Bb5 Kd6 55. Bd7 Ke7 56. Nd4 Ra2 57. Nf5+ Kd8 58. Bb5 Rxb2+ 59. Kd3 1-0


[Site "https://www.chess.com"]

[Event "Titled Tuesday Blitz April 26 Late 2022"]
[White "Mangialardo, Tiago Carvalho"]
[Black "Brodowski, Piotr"]
[WhiteFideId "2130718"]
[BlackFideId "1124480"]
[WhiteElo "2082"]
[BlackElo "2422"]
[Result "0-1"]
[Round "01"]
[TimeControl "180+1"]
[Date "2022.04.26"]
[WhiteClock "0:00:04"]
[BlackClock "0:00:33"]

1. e4 d6 2. d4 Nf6 3. Nd2 Nc6 4. c3 e5 5. d5 Ne7 6. Bd3 Ng6 7. Ne2 Be7 8. O-O O-O 9. Nb3 c6 10. c4 Nh5 11. g3 Bh3 12. Re1 Rc8 13. Be3 c5 14. Nc3 Nf6 15. Bf1 Qd7 16. f3 Nh5 17. Na5 Bd8 18. Bxh3 Qxh3 19. Nxb7 Be7 20. Qe2 f5 21. Qg2 Qxg2+ 22. Kxg2 Rb8 23. Na5 Rxb2+ 24. Re2 Rb6 25. Nc6 f4 26. Bf2 fxg3 27. hxg3 Bd8 28. Nxa7 Ra6 29. Nc6 Ra3 30. Rc2 Bg5 0-1


[Site "https://www.chess.com"]

[Event "Titled Tuesday Blitz April 26 Late 2022"]
[White "Manukyan, Sargis A."]
[Black "Sjugirov, Sanan"]
[WhiteFideId "13303970"]
[BlackFideId "4189302"]
[WhiteElo "2187"]
[BlackElo "2602"]
[Result "0-1"]
[Round "01"]
[TimeControl "180+1"]
[Date "2022.04.26"]
[WhiteClock "0:00:02"]
[BlackClock "0:01:56"]

1. d4 Nf6 2. c4 e6 3. Nc3 Bb4 4. a3 Bxc3+ 5. bxc3 c5 6. e3 Nc6 7. Bd3 d6 8. Ne2 e5 9. d5 Na5 10. Ng3 b6 11. O-O Qe7 12. Qc2 h5 13. f4 h4 14. Ne4 Nxe4 15. Bxe4 Bd7 16. Bf5 O-O-O 17. Bxd7+ Rxd7 18. f5 h3 19. e4 hxg2 20. Qxg2 Qh4 21. Bg5 Qh5 22. f6 gxf6 23. Rxf6 Nxc4 24. h4 Rg8 25. Raf1 Ne3 26. Qf3 Rxg5+ 27. Kf2 Nxf1 28. Qxh5 Rxh5 29. Kxf1 Rxh4 0-1


[Site "https://www.chess.com"]

[Event "Titled Tuesday Blitz April 26 Late 2022"]
[White "Martin Barcelo, Carles"]
[Black "Drygalov, Andrey"]
[WhiteFideId "24561444"]
[BlackFideId "24171735"]
[WhiteElo "1875"]
[BlackElo "2540"]
[Result "0-1"]
[Round "01"]
[TimeControl "180+1"]
[Date "2022.04.26"]
[WhiteClock "0:00:48"]
[BlackClock "0:02:26"]

1. e4 c5 2. Nf3 d6 3. Bb5+ Nd7 4. O-O a6 5. Bd3 Ngf6 6. Re1 e6 7. c3 b5 8. Bc2 c4 9. d4 cxd3 10. Qxd3 Bb7 11. b4 Be7 12. a4 bxa4 13. Bxa4 O-O 14. Bf4 Qc7 15. Rd1 Ne5 16. Bxe5 dxe5 17. Nfd2 Rfd8 18. Qe2 Rac8 19. Bb3 g6 20. Rc1 Bxb4 21. Na3 Bxc3 22. Ndb1 Bxa1 23. Rxc7 Rxc7 24. Nc4 Bxe4 25. h3 Bxb1 26. h4 Bd3 0-1


[Site "https://www.chess.com"]

[Event "Titled Tuesday Blitz April 26 Late 2022"]
[White "Mayaud, Raphael"]
[Black "Lin, Dachey"]
[WhiteFideId "627151"]
[BlackFideId "2029650"]
[WhiteElo "2191"]
[BlackElo "2313"]
[Result "0-1"]
[Round "01"]
[TimeControl "180+1"]
[Date "2022.04.26"]
[WhiteClock "0:01:46"]
[BlackClock "0:01:19"]

1. d4 g6 2. e4 Bg7 3. Nc3 d5 4. exd5 Nf6 5. Bc4 Nbd7 6. Qf3 Nb6 7. Bb3 Bg4 8. Qg3 Bf5 9. Nge2 Nbxd5 10. Nxd5 Nxd5 11. c3 O-O 12. O-O c6 13. Nf4 a5 14. Nxd5 cxd5 15. a4 Re8 16. Re1 e6 17. h3 Qb6 18. Bd1 Rac8 19. Qe3 Rc6 20. g4 Be4 21. f3 e5 22. fxe4 exd4 23. cxd4 Bxd4 0-1


[Site "https://www.chess.com"]

[Event "Titled Tuesday Blitz April 26 Late 2022"]
[White "Meduri, Aakaash"]
[Black "Bilych, Olexiy"]
[WhiteFideId "2032252"]
[BlackFideId "14156504"]
[WhiteElo "2096"]
[BlackElo "2176"]
[Result "1-0"]
[Round "01"]
[TimeControl "180+1"]
[Date "2022.04.26"]
[WhiteClock "0:02:44"]
[BlackClock "0:01:34"]

1. d4 Nf6 2. Bf4 d5 3. e3 c5 4. dxc5 Nc6 5. Bb5 e6 6. b4 Bd7 7. c3 a5 8. Qb3 axb4 9. cxb4 b6 10. Bxc6 Bxc6 11. b5 Bd7 12. c6 Bc8 13. Nf3 Bc5 14. Nbd2 O-O 15. a4 Nh5 16. Be5 f6 17. Bb2 e5 18. Ne4 Be7 19. Nc3 Be6 20. Rd1 d4 21. Qxe6+ 1-0


[Site "https://www.chess.com"]

[Event "Titled Tuesday Blitz April 26 Late 2022"]
[White "Melikhov, Evgeny V."]
[Black "Shuvalova, Polina"]
[WhiteFideId "4122046"]
[BlackFideId "24171760"]
[WhiteElo "1931"]
[BlackElo "2355"]
[Result "0-1"]
[Round "01"]
[TimeControl "180+1"]
[Date "2022.04.26"]
[WhiteClock "0:00:04"]
[BlackClock "0:00:30"]

1. d4 Nf6 2. c4 e6 3. Nc3 Bb4 4. Qc2 O-O 5. e4 d6 6. e5 dxe5 7. dxe5 Nfd7 8. Nf3 Nc6 9. Bf4 Nc5 10. Rd1 Qe7 11. a3 Bxc3+ 12. Qxc3 a5 13. b4 axb4 14. axb4 Ne4 15. Qb2 Qxb4+ 16. Qxb4 Nxb4 17. Be2 Nc3 18. Bd2 Nc2+ 19. Kf1 Nxd1 20. Bxd1 Ra1 21. Ke2 Rd8 22. Rf1 Nd4+ 23. Nxd4 Rxd4 24. Bc3 Ra2+ 25. Ke3 Rxc4 26. Kd3 Rc5 27. Bb3 Ra3 28. Kc2 Kf8 29. Kb2 Rxc3 30. Kxc3 Bd7 31. Kb4 Ra8 32. f4 b6 33. g4 Ke7 34. f5 c5+ 35. Kc3 exf5 36. gxf5 b5 37. f6+ gxf6 38. exf6+ Kf8 39. Rg1 c4 40. Bc2 Ra6 41. Bxh7 Rxf6 42. Kb4 Rh6 43. Be4 Rxh2 44. Rf1 Ke7 45. Bd5 Rb2+ 46. Kc5 Be6 47. Bc6 b4 48. Kd4 c3 49. Ba4 Rd2+ 50. Ke3 Ra2 0-1


[Site "https://www.chess.com"]